 Dungeon Crawl Stone Soup version 0.15-a0-35-ga771cbd (webtiles) character file.

2488 4tharraofdagon the Cleaver (level 9, -3/81 HPs)
             Began as a Deep Dwarf Gladiator on Apr 2, 2014.
             Was a Believer of Makhleb.
             Slain by a warg (7 damage)
             ... on Level 11 of the Dungeon.
             The game lasted 00:13:33 (2544 turns).

4tharraofdagon the Cleaver (Deep Dwarf Gladiator)   Turns: 2544, Time: 00:13:33

HP  -3/81        AC 12     Str 19      XL: 9   Next: 13%
MP  16/16        EV  7     Int 15      God: Makhleb [**....]
Gold 266         SH  0     Dex 13      Spells:  0 memorised,  8 levels left

rFire  + . .     SeeInvis .     o - +0,+1 war axe
rCold  . . .     Clarity  +     h - +0 chain mail
rNeg   . . .     Conserve .     (no shield)
rPois  .         rCorr    .     d - +2 hat {Int+3}
rElec  .         rRot     .     (no cloak)
SustAb . .       Spirit   .     (no gloves)
rMut   .         Warding  .     (no boots)
Saprov . . .     Stasis   .     G - amulet of clarity
MR     +....                    (no ring)
                                J - ring of protection from fire

@: non-regenerating, somewhat resistant to hostile enchantments, extremely
unstealthy
A: damage resistance, recharge devices, sense surroundings 2, slow healing 3
a: Device Recharging, Minor Destruction, Renounce Religion


You were on level 11 of the Dungeon.
You worshipped Makhleb.
Makhleb was pleased with you.
You were very hungry.

You visited 2 branches of the dungeon, and saw 12 of its levels.
You also visited: Ossuary.

You collected 266 gold pieces.

Inventory:

Hand weapons
 a - a cursed +0,+0 war axe
 g - a cursed +0,+0 war axe
 o - a +0,+1 war axe (weapon)
Armour
 b - a +0 leather armour
 c - a +0 helmet
 d - a +2 hat of intelligence (worn)
 h - a +0 chain mail (worn)
 n - a +1 hat
Magical devices
 e - a wand of heal wounds (2)
 v - a wand of teleportation (2)
 w - a wand of polymorph (5)
Comestibles
 f - 2 bread rations
 j - a meat ration
 u - an apple
 x - a choko
Scrolls
 k - 4 scrolls of teleportation {unknown}
 l - 3 scrolls of magic mapping
 m - a scroll of fear
 p - 6 scrolls of remove curse
 q - a scroll of recharging
 s - a scroll of random uselessness {unknown}
 t - a scroll of enchant armour {unknown}
 y - a scroll of immolation {unknown}
 D - a scroll of blinking {unknown}
 H - a scroll of enchant weapon III {unknown}
Jewellery
 G - an amulet of clarity (around neck)
 J - a ring of protection from fire (left hand)
Potions
 i - 3 potions of curing
 z - a potion of confusion {unknown}
 A - a potion of might {unknown}
 B - 2 potions of lignification {unknown}
 C - a potion of restore abilities
 E - a potion of agility
 F - a potion of magic
 I - a potion of berserk rage
 M - a potion of poison
 N - a potion of brilliance
Books
 K - a book of Frost

   Spells                             Type                      Level
   Freeze                             Ice                          1
   Throw Frost                        Conjuration/Ice              2
   Ozocubu's Armour                   Charms/Ice                   3
   Throw Icicle                       Conjuration/Ice              4
   Summon Ice Beast                   Ice/Summoning                4
   Condensation Shield                Ice                          4
Magical staves
 r - an uncursed staff of air


   Skills:
 + Level 5.6 Fighting
 * Level 9.4 Axes
 - Level 1.7 Throwing
 + Level 5.8 Armour
 - Level 3.2 Dodging
 + Level 5.9 Evocations


You had 8 spell levels left.
You didn't know any spells.

Dungeon Overview and Level Annotations

Branches:
Dungeon (11/15)            Temple (1/1) D:6            Lair (0/8) D:11
    Orc: D:9-12

Altars:
Ashenzari
Cheibriados
Dithmenos
Elyvilon
Fedhas
Kikubaaqudgha
Makhleb
Nemelex Xobeh
Okawaru
Sif Muna
Trog
Vehumet
Yredelemnul
Zin
The Shining One

Shops:
D:6 :

Annotations:
D:4 4tharraofdagon's ghost, average DDGl


Innate Abilities, Weirdness & Mutations

You are resistant to damage.
You can recharge devices by infusing magical energy.
You passively map the area around you.
You do not heal naturally.


Message History

The warg is severely wounded!
The warg bites you!!!
* * * LOW HITPOINT WARNING * * *
You barely miss the warg!
The warg is severely wounded!
The warg bites you!
Your chain mail prevents you from hitting the warg!
The warg is severely wounded!
The warg barely misses you! The warg bites you but does no damage!
Your chain mail prevents you from hitting the warg!
The warg is severely wounded!
The warg bites you but does no damage!
You closely miss the warg!
The warg is severely wounded!
The warg bites you!!!
* * * LOW HITPOINT WARNING * * *
You slice the warg like a ripe choko!!!
The warg is almost dead!
The warg bites you!!!
You die!!!

* * * .##.#. ** ,, ,
.....,, * , , , * ,
##...## *, * ,##.....##
, , * , * . #.......# *
, * , , #.##..P....## ,
,, *,* > ##..........#
* ,, , .#...........##
** #......h@.....######
*
*...................##*
** ###..P(......####...
* ##.......#.##....#
#.......#....#.###
##.....##.####.....,,
##...###.......####
##...#..##.......##
##.###.#........##


You could see a warg.

Vanquished Creatures
  A wyvern (D:10)
  A warg (D:11)
  Menkaure (D:6)
  A porcupine (D:11)
  4 centaurs
  2 ogres (D:8)
  Duvessa (D:6)
  An elf zombie (Ossuary)
  4 giant frogs
  A killer bee (D:6)
  A quasit (D:6)
  2 centaur zombies (Ossuary)
  A crimson imp (D:6)
  A gnoll shaman (D:7)
  An orc priest (D:11)
  A hound (D:6)
  2 giant frog skeletons
  3 orc wizards
  6 worker ants
  3 big kobold zombies (Ossuary)
  A hound zombie (Ossuary)
  A crocodile skeleton (D:6)
  3 mummies (Ossuary)
  5 adders
  5 gnolls (D:7)
  A giant mite (D:3)
  2 shadow imps
  5 adder zombies (Ossuary)
  A giant eyeball (D:4)
  3 giant geckos
  10 orcs
  3 giant cockroaches
  2 hobgoblins
  4 jackals
  A quokka (D:4)
  3 bats
  A giant newt (D:6)
  2 gnoll zombies (Ossuary)
  5 goblins
  6 goblin zombies (Ossuary)
  2 hobgoblin skeletons (D:4)
  2 hobgoblin zombies (Ossuary)
  5 jackal zombies
  5 kobolds
  2 kobold zombies (Ossuary)
  An orc zombie (Ossuary)
  3 quokka zombies
  9 rats
  6 rat zombies (Ossuary)
137 creatures vanquished.

Vanquished Creatures (others)
  A giant cockroach (D:6)
1 creature vanquished.

Grand Total: 138 creatures vanquished

Notes
Turn   | Place    | Note
--------------------------------------------------------------
     0 | D:1      | 4tharraofdagon, the Deep Dwarf Gladiator, began the quest for the Orb.
     0 | D:1      | Reached XP level 1. HP: 19/19 MP: 1/1
   238 | D:3      | Reached XP level 2. HP: 26/26 MP: 2/2
   288 | D:3      | Reached skill level 1 in Armour
   350 | D:3      | Reached skill level 4 in Axes
   366 | D:3      | Found a glowing silver altar of Zin.
   373 | D:3      | Reached XP level 3. HP: 22/32 MP: 3/3
   421 | D:4      | Paralysed by a giant eyeball for 3 turns
   516 | D:4      | Noticed a centaur
   531 | D:4      | Killed a centaur
   531 | D:4      | Reached skill level 5 in Axes
   531 | D:4      | Reached XP level 4. HP: 15/40 MP: 4/4
   604 | D:4      | Reached XP level 5. HP: 16/48 MP: 5/5
   776 | D:4      | Found a sand-covered staircase.
   788 | Ossuary  | Entered an ossuary
   897 | Ossuary  | Reached XP level 6. HP: 36/56 MP: 6/6
  1009 | Ossuary  | Reached skill level 6 in Axes
  1082 | D:4      | Noticed 4tharraofdagon's ghost (average DDGl)
  1122 | D:5      | Entered Level 5 of the Dungeon
  1138 | D:5      | Reached XP level 7. HP: 24/63 MP: 7/7
  1187 | D:5      | Found a blossoming altar of Fedhas.
  1189 | D:5      | Found a snail-covered altar of Cheibriados.
  1190 | D:5      | Found a white marble altar of Elyvilon.
  1192 | D:5      | Found an iron altar of Okawaru.
  1193 | D:5      | Found a basalt altar of Yredelemnul.
  1194 | D:5      | Found a sparkling altar of Nemelex Xobeh.
  1249 | D:5      | Found a deep blue altar of Sif Muna.
  1270 | D:5      | Noticed Menkaure
  1280 | D:6      | Killed Menkaure
  1280 | D:6      | Reached skill level 7 in Axes
  1315 | D:6      | Found a staircase to the Ecumenical Temple.
  1325 | Temple   | Entered the Ecumenical Temple
  1367 | Temple   | Became a worshipper of Makhleb the Destroyer
  1520 | D:6      | Reached skill level 1 in Evocations
  1537 | D:5      | Noticed Duvessa
  1537 | D:5      | Noticed Dowan
  1555 | D:6      | Killed Duvessa
  1560 | D:6      | Noticed Dowan
  1560 | D:6      | Dowan changed into Dowan the killer bee
  1571 | D:6      | Killed Dowan the killer bee
  1698 | D:6      | Reached XP level 8. HP: 15/73 MP: 12/12
  1734 | D:6      | Found Zirafro Roli's Book Shoppe.
  1785 | D:6      | Acquired Makhleb's first power
  1803 | D:6      | Reached skill level 8 in Axes
  1889 | D:6      | Found a shadowy altar of Dithmenos.
  1919 | D:7      | Reached skill level 5 in Armour
  2045 | D:8      | Reached skill level 5 in Fighting
  2121 | D:7      | Acquired Makhleb's second power
  2380 | D:10     | Entered Level 10 of the Dungeon
  2387 | D:10     | Reached skill level 9 in Axes
  2387 | D:10     | Reached skill level 5 in Evocations
  2420 | D:9      | Found a snail-covered altar of Cheibriados.
  2471 | D:11     | Found a staircase to the Lair.
  2492 | D:11     | Gained mutation: You passively map the area around you. [level up]
  2492 | D:11     | Reached XP level 9. HP: 10/81 MP: 16/16
  2543 | D:11     | HP: 4/81 [warg (8)]
  2544 | D:11     | Slain by a warg

Action                   |  1- 3 |  4- 6 |  7- 9 || total
-------------------------+-------+-------+-------++-------
Melee: War axe           |    62 |   192 |   275 ||   529
Throw: Throwing net      |       |       |     3 ||     3
 Abil: Device Recharging |       |       |     1 ||     1
Evoke: Wand              |     2 |     2 |    12 ||    16
  Use: Potion            |     2 |     1 |     5 ||     8
       Scroll            |       |     1 |    10 ||    11
 Stab: Held in net/web   |       |       |     1 ||     1
